 Dungeon Crawl Stone Soup version 0.31-a0-180-g519b7de00c (webtiles) character file.

Game seed: 4869524659611181570

2068 qw the Cleaver (level 9, -8/57 HPs)
             Began as a Gargoyle Fighter on June 19, 2023.
             Mangled by Duvessa
             ... wielding a +0 short sword
              (13 damage)
             ... on level 6 of the Dungeon.
             The game lasted 00:03:01 (6142 turns).

qw the Cleaver (Gargoyle Fighter)                   Turns: 6142, Time: 00:03:01

Health: -8/57      AC: 18    Str: 24    XL:     9   Next: 26%
Magic:  18/18      EV: 10    Int:  9    God:
Gold:   195        SH:  4    Dex:  7    Spells: 8/8 levels left

rFire   . . .        Y - +0 war axe
rCold   . . .        c - +0 buckler
rNeg    + . .        b - +0 scale mail
rPois   inf          f - +0 helmet
rElec   +            (no cloak)
rCorr   .            (no gloves)
SInv    +            (no boots)
Will    .....        (no amulet)
Stlth   +            k - +4 ring of protection
HPRegen 0.29/turn    j - ring "Nodyerr" {rElec rPois MP+9 Dex-2 SInv Stlth+}
MPRegen 0.16/turn

%: no passive effects
@: no status effects
A: sickness immunity, AC +6, negative energy resistance 1, electricity
resistance, torment resistance 1, petrification resistance
a: no special abilities


You were on level 6 of the Dungeon.
You visited 1 branch of the dungeon, and saw 6 of its levels.

You collected 195 gold pieces.


Innate Abilities, Weirdness & Mutations

You are immune to sickness and miasma.
Your stone body is resilient. (AC +6)
You are immune to poison.
You resist negative energy. (rN+)
You are resistant to electric shocks. (rElec)
You are resistant to unholy torment.
You are immune to petrification.


   Skills:
 - Level 7.0 Fighting
 + Level 9.2 Axes
 - Level 3.2 Armour
 - Level 1.8 Dodging
 - Level 4.1 Shields


You had 8 spell levels left.
You didn't know any spells.
Your spell library was empty.

Inventory:

Hand Weapons
 n - a +0 flail
 Y - a +0 war axe (weapon)
Armour
 b - a +0 scale mail (worn)
 c - a +0 buckler (worn)
 f - a +0 helmet (worn)
Jewellery
 j - the ring "Nodyerr" (right hand) {rElec rPois MP+9 Dex-2 SInv Stlth+}
   (You found it on level 5 of the Dungeon)

   [ring of magical power]

   Dex:       It affects your dexterity (-2).
   rElec:     It insulates you from electricity.
   rPois:     It protects you from poison.
   MP:        It affects your magic capacity (+9).
   SInv:      It lets you see invisible.
   Stlth:     It makes you more stealthy.
 k - a +4 ring of protection (left hand)
 p - a ring of ice
Scrolls
 o - a scroll of identify
Potions
 a - a potion of cancellation
 d - 3 potions of might
 e - a potion of curing {unknown}
 g - a potion of lignification {unknown}
 h - a potion of invisibility {unknown}
 i - a potion of resistance
 l - a potion of enlightenment
 q - a potion of berserk rage {unknown}

Dungeon Overview and Level Annotations

Branches:
Dungeon (6/15)
 Temple: D:4-7

Altars:
Ashenzari
Sif Muna
Uskayaw

Annotations:
D:5 2 transporters
D:6 Duvessa


Message History

You closely miss Duvessa.
Duvessa is severely wounded.
Duvessa closely misses you.
You hit Duvessa.
Duvessa is severely wounded.
Duvessa hits you with a +0 short sword! Duvessa barely misses you.
6132 ||| DRINKING potion of heal wounds.
You feel much better. You block Duvessa's attack.
Duvessa completely misses you.
You barely miss Duvessa.
Duvessa is severely wounded.
Duvessa hits you with a +0 short sword!
You barely miss Duvessa.
Duvessa is severely wounded.
Duvessa closely misses you. Duvessa hits you but does no damage.
You barely miss Duvessa.
Duvessa is severely wounded.
Duvessa closely misses you. You block Duvessa's attack.
You barely miss Duvessa.
Duvessa is severely wounded.
Duvessa hits you with a +0 short sword!
You hit Duvessa.
Duvessa is severely wounded.
Duvessa hits you with a +0 short sword. You block Duvessa's attack.
You slash Duvessa!
Duvessa is almost dead.
Duvessa hits you but does no damage.
You hit Duvessa but do no damage.
Duvessa is almost dead.
Duvessa closely misses you. Duvessa hits you with a +0 short sword.
You barely miss Duvessa.
Duvessa is almost dead.
Duvessa hits you with a +0 short sword! You block Duvessa's attack.
You barely miss Duvessa.
Duvessa is almost dead.
Duvessa hits you but does no damage.
You hit Duvessa but do no damage.
Duvessa is almost dead.
Duvessa hits you with a +0 short sword!
You die...

#..# ....#.# #.)##....#.#
#........#.##
#........#.##
#......###.#.
#.###.####.#.
#.....##.....
###############..##.#.##
......e@.........##.#.##
#################...>....
#..<..#................#.
#.#...#.#.#.############.
#.#...#.#.#.# #.
#.#.#.#.#.#.# #.
#.#.#.#.#.#.# #.
#.#.#.#.#.#.# #.
#.#...#.#.#.# #.


You could see Duvessa (berserk).

Vanquished Creatures
  Pikel (D:4)
  Sigmund (D:3)
  A sky beast (D:6)
  7 ogres
  2 lemures (D:4)
  A bullfrog (D:6)
  2 scorpions
  Dowan (D:6)
  A vampire bat (D:5)
  3 hounds
  Natasha (thrice) (D:3)
  An orc wizard (D:4)
  3 gnolls (D:5)
  5 adders
  2 white imps
  An ufetubus (D:5)
  A worm (D:5)
  7 dart slugs
  3 fire bats (D:5)
  8 orcs
  2 spectral bats (D:5)
  9 ball pythons
  3 bat skeletons (D:5)
  A bat zombie (D:5)
  8 endoplasms
  3 giant cockroaches
  11 goblins
  10 hobgoblins
  10 jackals
  5 quokkas
  15 bats
  A bat simulacrum (D:5)
  5 frilled lizards
  7 kobolds
  7 rats
151 creatures vanquished.

Notes
Turn   | Place    | Note
-------+----------+-------------------------------------------
     0 | D:1      | qw the Gargoyle Fighter began the quest for the Orb.
     0 | D:1      | Reached XP level 1. HP: 14/14 MP: 1/1
     0 | D:1      | 0 ||| qw: Version: 0.3-a-7-ge0c9b40
     0 | D:1      | 0 ||| qw: Game counter: 1065
     0 | D:1      | 0 ||| qw: Always use a shield: true
     0 | D:1      | 0 ||| qw: God list: Okawaru
     0 | D:1      | 0 ||| qw: Allow faded altars: false
     0 | D:1      | 0 ||| qw: Do Orc after D:15 true
     0 | D:1      | 0 ||| qw: Do second Lair branch before Depths: true
     0 | D:1      | 0 ||| qw: Lair rune preference: random
     0 | D:1      | 0 ||| qw: Plans: Normal, Zot:1-4, Slime:5, God:TSO, Crypt,
                  | Tomb, Abyss, Pan, Hells, Win
     0 | D:1      | 0 ||| PLANNING D:1-11
   100 | D:1      | 100 ||| Stepping ~*~*~tactically~*~*~ (stealth).
   101 | D:1      | 101 ||| Stepping ~*~*~tactically~*~*~ (stealth).
   103 | D:1      | 103 ||| Stepping ~*~*~tactically~*~*~ (stealth).
   112 | D:1      | Reached skill level 2 in Axes
   142 | D:1      | Reached XP level 2. HP: 18/19 MP: 2/2
   268 | D:1      | 268 ||| Stepping ~*~*~tactically~*~*~ (stealth).
   270 | D:1      | 270 ||| Stepping ~*~*~tactically~*~*~ (stealth).
   322 | D:1      | 322 ||| Stepping ~*~*~tactically~*~*~ (hiding).
   454 | D:1      | Reached skill level 3 in Axes
   461 | D:1      | 461 ||| Stepping ~*~*~tactically~*~*~ (stealth).
   537 | D:1      | Reached XP level 3. HP: 23/23 MP: 3/3
   610 | D:1      | 610 ||| DROPPING +0 club.
   843 | D:1      | 843 ||| READING 2 scrolls labelled FONUCAPNA YSMI.
   844 | D:1      | 844 ||| READING scroll labelled LUTAUZOPEZ.
   845 | D:1      | 845 ||| READING scroll labelled VUGOYT XOSK.
   846 | D:1      | 846 ||| DRINKING 2 fuming golden potions.
   847 | D:1      | 847 ||| DRINKING 2 glowing red potions.
   848 | D:1      | 848 ||| DROPPING scroll of amnesia.
   970 | D:2      | 970 ||| DROPPING +0 whip.
   999 | D:2      | 999 ||| Stepping ~*~*~tactically~*~*~ (hiding).
  1001 | D:2      | 1001 ||| Stepping ~*~*~tactically~*~*~ (hiding).
  1003 | D:2      | 1003 ||| Stepping ~*~*~tactically~*~*~ (hiding).
  1146 | D:2      | 1146 ||| Stepping ~*~*~tactically~*~*~ (stealth).
  1239 | D:2      | Found a faded altar of an unknown god.
  1240 | D:2      | 1240 ||| Stepping ~*~*~tactically~*~*~ (stealth).
  1241 | D:2      | 1241 ||| Stepping ~*~*~tactically~*~*~ (stealth).
  1245 | D:2      | Noticed a scorpion
  1259 | D:2      | Killed a scorpion
  1260 | D:2      | Reached skill level 4 in Axes
  1260 | D:2      | Reached XP level 4. HP: 14/28 MP: 4/4
  1265 | D:2      | Reached XP level 5. HP: 18/32 MP: 5/5
  1619 | D:2      | 1619 ||| Stepping ~*~*~tactically~*~*~ (hiding).
  1873 | D:2      | 1873 ||| UPGRADING to +4 ring of protection.
  1874 | D:2      | 1874 ||| READING scroll labelled ANWEFROIHI.
  1875 | D:2      | 1875 ||| READING scroll labelled XEBUNN HU LOA.
  1876 | D:2      | 1876 ||| DRINKING 2 fizzy red potions.
  1881 | D:2      | 1881 ||| DROPPING potion of ambrosia.
  1907 | D:3      | Noticed Sigmund
  1918 | D:3      | Killed Sigmund
  1919 | D:3      | Reached skill level 5 in Axes
  1919 | D:3      | Reached XP level 6. HP: 32/37 MP: 6/6
  2044 | D:3      | Found a hide-covered altar of Uskayaw.
  2066 | D:3      | HP: 7/37 [ogre/+0 giant spiked club (10)]
  2067 | D:3      | 2067 ||| DRINKING potion of heal wounds.
  2141 | D:3      | Noticed Natasha
  2150 | D:3      | Reached skill level 1 in Dodging
  2150 | D:3      | Reached XP level 7. HP: 17/44 MP: 7/7
  2156 | D:3      | Killed Natasha
  2157 | D:3      | Reached skill level 6 in Axes
  2415 | D:3      | 2415 ||| Stepping ~*~*~tactically~*~*~ (hiding).
  2636 | D:3      | Noticed Natasha
  2652 | D:3      | Killed Natasha
  2776 | D:3      | 2776 ||| Stepping ~*~*~tactically~*~*~ (stealth).
  2896 | D:3      | Noticed Natasha
  2897 | D:3      | 2897 ||| Stepping ~*~*~tactically~*~*~ (hiding).
  2908 | D:3      | Killed Natasha
  3031 | D:3      | 3031 ||| DRINKING 2 gluggy blue potions.
  3032 | D:3      | 3032 ||| DROPPING potion of degeneration.
  3185 | D:4      | 3185 ||| Stepping ~*~*~tactically~*~*~ (stealth).
  3234 | D:4      | Found a broken altar of Ashenzari.
  3244 | D:4      | 3244 ||| Stepping ~*~*~tactically~*~*~ (stealth).
  3268 | D:4      | 3268 ||| FLEEEEING.
  3269 | D:4      | 3269 ||| FLEEEEING.
  3270 | D:4      | 3270 ||| FLEEEEING.
  3271 | D:4      | 3271 ||| FLEEEEING.
  3290 | D:4      | 3290 ||| Stepping ~*~*~tactically~*~*~ (stealth).
  3291 | D:4      | 3291 ||| DROPPING +0 mace.
  3345 | D:4      | 3345 ||| Stepping ~*~*~tactically~*~*~ (stealth).
  3346 | D:4      | 3346 ||| Stepping ~*~*~tactically~*~*~ (stealth).
  3348 | D:4      | 3348 ||| Stepping ~*~*~tactically~*~*~ (stealth).
  3353 | D:4      | 3353 ||| Stepping ~*~*~tactically~*~*~ (stealth).
  3355 | D:4      | 3355 ||| Stepping ~*~*~tactically~*~*~ (stealth).
  3392 | D:4      | 3392 ||| Stepping ~*~*~tactically~*~*~ (stealth).
  3422 | D:4      | Noticed Pikel
  3423 | D:4      | 3423 ||| Stepping ~*~*~tactically~*~*~ (hiding).
  3427 | D:4      | 3427 ||| Stepping ~*~*~tactically~*~*~ (hiding).
  3428 | D:4      | 3428 ||| Stepping ~*~*~tactically~*~*~ (hiding).
  3445 | D:4      | Killed Pikel
  3446 | D:4      | Reached skill level 8 in Axes
  3446 | D:4      | Reached XP level 8. HP: 28/48 MP: 8/8
  3526 | D:4      | Found a shimmering blue altar of Sif Muna.
  3722 | D:4      | 3722 ||| Stepping ~*~*~tactically~*~*~ (hiding).
  4240 | D:4      | 4240 ||| UPGRADING to +0 helmet.
  4245 | D:4      | 4245 ||| DROPPING ring of magical power.
  4246 | D:4      | 4246 ||| READING 2 scrolls of identify.
  4246 | D:4      | 4246 ||| IDENTIFYING dark potion
  4312 | D:5      | Entered Level 5 of the Dungeon
  4344 | D:5      | 4344 ||| Stepping ~*~*~tactically~*~*~ (hiding).
  4576 | D:5      | Found a transporter.
  4639 | D:5      | Reached skill level 6 in Fighting
  4712 | D:5      | Identified the ring "Nodyerr" {rElec rPois MP+9 Dex-2 SInv
                  | Stlth+}
  4866 | D:5      | 4866 ||| FLEEEEING.
  4871 | D:5      | 4871 ||| FLEEEEING.
  4886 | D:5      | 4886 ||| FLEEEEING.
  4918 | D:5      | 4918 ||| FLEEEEING.
  4919 | D:5      | 4919 ||| FLEEEEING.
  4920 | D:5      | 4920 ||| FLEEEEING.
  4921 | D:5      | 4921 ||| FLEEEEING.
  4922 | D:5      | 4922 ||| FLEEEEING.
  4923 | D:5      | 4923 ||| FLEEEEING.
  4924 | D:5      | 4924 ||| FLEEEEING.
  4925 | D:5      | 4925 ||| FLEEEEING.
  4926 | D:5      | 4926 ||| FLEEEEING.
  4939 | D:5      | 4939 ||| FLEEEEING.
  4940 | D:5      | 4940 ||| STAIRDANCE
  4961 | D:4      | 4961 ||| UPGRADING to ring "Nodyerr" {rElec rPois MP+9
                  | Dex-2 SInv Stlth+}.
  5366 | D:5      | Reached skill level 9 in Axes
  5366 | D:5      | Reached XP level 9. HP: 24/55 MP: 9/9
  5562 | D:5      | 5562 ||| Stepping ~*~*~tactically~*~*~ (stealth).
  5564 | D:5      | 5564 ||| Stepping ~*~*~tactically~*~*~ (stealth).
  5669 | D:5      | Found a transporter.
  5769 | D:5      | 5769 ||| READING scroll labelled KOVAXY SYAVIU.
  6062 | D:6      | Noticed Dowan
  6063 | D:6      | 6063 ||| Stepping ~*~*~tactically~*~*~ (hiding).
  6064 | D:6      | 6064 ||| Stepping ~*~*~tactically~*~*~ (hiding).
  6071 | D:6      | Killed Dowan
  6117 | D:6      | Noticed Duvessa
  6131 | D:6      | HP: 6/57 [Duvessa/+0 short sword (12)]
  6132 | D:6      | 6132 ||| DRINKING potion of heal wounds.
  6140 | D:6      | HP: 4/57 [Duvessa/+0 short sword (14)]
  6142 | D:6      | Mangled by Duvessa

Levels and vault maps discovered:
D:1:      lightli_iron_boxes, layout_loops_ring, st_stairs_5,
          minmay_heptomino_o4
D:2:      layout_basic, hellmonk_ecumenical_altar_dog_temple,
          minmay_split_cup_small
D:3:      layout_basic, nicolae_uskayaw_dance_hall, uniq_natasha, uniq_sigmund
D:4:      layout_loops_corners, nicolae_ashenzari_skybound,
          nicolae_sif_muna_little_library, uniq_pikel
D:5:      gammafunk_cloud_chamber, layout_loops_ring, goddamned_bats
D:6:      layout_basic, minmay_temple_entry_tees, ebering_ghost_disaster_area,
          minmay_misc_feat_roman, chequers_arboretum, uniq_duvessa, uniq_maggie,
          uniq_menkaure

Skill      XL: |  1  2  3  4  5  6  7  8  9 |
---------------+----------------------------+-----
Axes           | 2 3 4 5 8 9 |  9.2
Fighting       | 4 6 7 |  7.0
Dodging        | 1 |  1.8
Shields        | 4 |  4.1
Armour         | |  3.2

Action                     |  1- 3 |  4- 6 |  7- 9 || total
---------------------------+-------+-------+-------++-------
  Melee: War axe           |   123 |    68 |   329 ||   520
    Use: Scroll            |     3 |     2 |     2 ||     7
         Potion            |     2 |     2 |     2 ||     6
 Armour: Scale mail        |    76 |    28 |   171 ||   275
  Dodge: Dodged            |    58 |    26 |   161 ||   245
  Block: Buckler           |    20 |     8 |    61 ||    89

Table legend:
 A = Non-vault XP
 B = Vault XP
 C = Vault XP percentage of total XP
 D = Non-vault monster count
 E = Vault monster count
 F = Vault count percentage of total count
                 A         B        C        D         E       F
            +---------+---------+-------+---------+---------+-------
      Total |    1788 |    1167 |  39.5 |     113 |      36 |  24.2
            +---------+---------+-------+---------+---------+-------
        D:1 |      50 |       8 |  13.8 |      29 |       5 |  14.7
        D:2 |     112 |      14 |  11.1 |      13 |       7 |  35.0
        D:3 |     374 |     249 |  40.0 |      24 |       2 |   7.7
        D:4 |     165 |     651 |  79.8 |      26 |       1 |   3.7
        D:5 |     845 |     176 |  17.2 |      18 |      20 |  52.6
        D:6 |     242 |      69 |  22.2 |       3 |       1 |  25.0
            +---------+---------+-------+---------+---------+-------
